 Dungeon Crawl Stone Soup version 0.31-a0-1539-g569d6c7dce (webtiles) character file.

Game seed: 9753647051577232243

235991 Flugslaktarn the Slayer (level 18, -1/202 HPs)
             Began as a Minotaur Fighter on Jan 1, 2024.
             Was an Initiate of Gozag.
             Killed by vampiric draining
             ... invoked by a vampire knight
              (15 damage)
             ... on level 3 of the Depths.
             The game lasted 00:19:46 (30196 turns).

Flugslaktarn the Slayer (Minotaur Fighter)         Turns: 30196, Time: 00:19:47

Health: -1/202     AC: 36    Str: 35    XL:     18   Next: 49%
Magic:  17/17      EV: 12    Int:  9    God:    Gozag
Gold:   6247       SH: 23    Dex: 14    Spells: 17/17 levels left

rFire   + . .        I - +5 broad axe (heavy)
rCold   + . .        p - +2 tower shield {AC+3}
rNeg    . . .        Q - +7 plate armour "Qoakla Xiko" {rC+ Regen+ Int+2}
rPois   +            (helmet restricted)
rElec   .            a - +0 cloak {rPois}
rCorr   .            z - +2 pair of gloves
SInv    +            H - +0 pair of boots of Agod {rF+ Str+2}
Will    +++..        s - amulet of the Barracuda {Faith Rampage Will+ Dex+4 SInv} Stlth
                     m - ring of willpower
HPRegen 1.33/turn    k - +6 ring of strength
MPRegen 0.15/turn

%: rampage, faith
@: no status effects
A: horns 2, retaliatory headbutt, hooves 1, robust 1
}: 2/15 runes: decaying, serpentine
a: Renounce Religion, Potion Petition, Call Merchant, Bribe Branch


You were on level 3 of the Depths.
You worshipped Gozag.
Gozag was greatly pleased with you.
You visited 7 branches of the dungeon, and saw 34 of its levels.
You also visited: Gauntlet and Ice Cave.

You collected 11714 gold pieces.
You spent 2265 gold pieces at shops.
You paid 3202 gold pieces to Gozag.

Inventory:

Hand Weapons
 I - a +5 heavy broad axe (weapon)
   (You bought it in a shop on level 2 of the Orcish Mines)
Missiles
 C - 3 throwing nets
Armour
 a - a +0 cloak of poison resistance (worn)
   (You bought it in a shop on level 2 of the Orcish Mines)
 p - a +2 tower shield of protection (worn)
   (You took it off a naga warrior on level 2 of the Snake Pit)
 z - a +2 pair of gloves (worn)
   (You found it on level 6 of the Dungeon)
 F - a +2 kite shield
   (You took it off a gnoll sergeant on level 7 of the Dungeon)
 H - the +0 pair of boots of Agod (worn) {rF+ Str+2}
   (You found it on level 2 of the Lair of Beasts)

   Str+2:     It affects your strength (+2).
   rF+:       It protects you from fire.
 Q - the +7 plate armour "Qoakla Xiko" (worn) {rC+ Regen+ Int+2}
   (You bought it in a shop on level 2 of the Orcish Mines)

   Int+2:     It affects your intelligence (+2).
   rC+:       It protects you from cold.
   Regen+:    It increases your rate of health regeneration.
Jewellery
 c - a ring of protection from cold
   (You found it on level 2 of the Lair of Beasts)
 i - a ring of see invisible
   (You found it in an ice cave)
 j - a +4 ring of slaying
   (You found it on level 1 of the Swamp)
 k - a +6 ring of strength (right hand)
   (You found it on level 12 of the Dungeon)
 m - a ring of willpower (left hand)
   (You found it on level 2 of the Orcish Mines)
 o - a ring of poison resistance
   (You found it on level 9 of the Dungeon)
 s - the amulet of the Barracuda (around neck) {Faith Rampage Will+ Dex+4 SInv}
   (You found it on level 2 of the Snake Pit)

   [amulet of faith]

   Faith:     It allows you to gain divine favour quickly.
   Dex+4:     It affects your dexterity (+4).
   Will+:     It increases your willpower.
   SInv:      It lets you see invisible.
   Rampage:   It bestows one free step when moving towards enemies.
 y - the amulet of the Purple Skies {Acrobat -Cast rElec Int-4 Stlth+}
   (You found it in a Gauntlet)

   [amulet of the acrobat]

   Acrobat:   It increases your evasion while moving and waiting.
   Int-4:     It affects your intelligence (-4).
   rElec:     It insulates you from electricity.
   -Cast:     It prevents spellcasting.
   Stlth+:    It makes you more stealthy.
Wands
 b - a wand of charming (18)
   (You found it in a Gauntlet)
 g - a wand of digging (8)
   (You found it on level 7 of the Dungeon)
 u - a wand of acid (35)
   (You found it on level 3 of the Dungeon)
 B - a wand of iceblast (12)
   (You found it on level 6 of the Dungeon)
Scrolls
 e - 4 scrolls of fog
 f - 2 scrolls of enchant armour
 n - 5 scrolls of immolation
 r - 8 scrolls of identify
 t - 5 scrolls of teleportation
 x - 8 scrolls of poison
 K - 4 scrolls of vulnerability
 L - 2 scrolls of fear
Potions
 d - 8 potions of might
 h - 7 potions of haste
 l - 6 potions of mutation
 q - 8 potions of curing
 v - 5 potions of enlightenment
 w - 5 potions of heal wounds
 A - 4 potions of lignification
 D - a potion of invisibility
 E - 3 potions of cancellation
 M - a potion of magic
 N - 2 potions of attraction
Miscellaneous
 G - a phantom mirror
   (You found it on level 2 of the Lair of Beasts)


   Skills:
 + Level 22.0 Fighting
 - Level 18.0 Axes
 + Level 19.0 Armour
 - Level 7.9 Dodging
 * Level 19.4 Shields
 - Level 7.0 Evocations


You had 17 spell levels left.
You didn't know any spells.
Your spell library contained the following spells:

 Spells                   Type           Power      Damage    Failure   Level
 Magic Dart               Conj           0%         1d3       91%         1
 Sandblast                Erth           0%         2d4       91%         1
 Ensorcelled Hibernation  Hex/Ice        0%         N/A       97%         2
 Searing Ray              Conj           0%         2d4       97%         2
 Static Discharge         Conj/Air       0%         3-3/arc   97%         2
 Dazzling Flash           Conj/Hex       0%         N/A       100%        3
 Fugue of the Fallen      Necr           0%         N/A       100%        3
 Gell's Gravitas          Tloc           0%         N/A       100%        3
 Passwall                 Erth           0%         N/A       100%        3
 Stone Arrow              Conj/Erth      0%         3d7       100%        3
 Teleport Other           Tloc           0%         N/A       100%        3
 Tukima's Dance           Hex            0%         N/A       100%        3
 Volatile Blastmotes      Fire/Tloc      0%         2d10      100%        3
 Airstrike                Air            0%         2d(0-16)  100%        4
 Anguish                  Hex/Necr       0%         N/A       100%        4
 Brom's Barrelling Bould  Conj/Erth      0%         2d3       100%        4
 Fulminant Prism          Conj/Alch      0%         3d5       100%        4
 Leda's Liquefaction      Alch/Erth      0%         N/A       100%        4
 Olgreb's Toxic Radiance  Alch           0%         N/A       100%        4
 Passage of Golubria      Tloc           0%         N/A       100%        4
 Summon Lightning Spire   Summ/Air       0%         N/A       100%        4
 Vhi's Electric Charge    Tloc/Air       0%         N/A       100%        4
 Arcjolt                  Conj/Air       0%         1d10      100%        5
 Lee's Rapid Deconstruct  Erth           0%         3d4*      100%        5
 Yara's Violent Unravell  Hex/Alch       0%         3d3       100%        5
 Bombard                  Conj/Erth      0%         9d1       100%        6
 Dispersal                Tloc           0%         N/A       100%        6
 Plasma Beam              Fire/Air       0%         2x1d10    100%        6
 Starburst                Conj/Fire      0%         6d3       100%        6
 Ozocubu's Refrigeration  Ice            0%         4d7       100%        7
 Discord                  Hex            0%         N/A       100%        8
 Maxwell's Capacitive Co  Air            0%         ∞         100%        8
 Chain Lightning          Conj/Air       0%         N/A       100%        9
 Fire Storm               Conj/Fire      0%         5d1       100%        9
 Shatter                  Erth           0%         3d5*      100%        9


Dungeon Overview and Level Annotations

Branches:
Dungeon (15/15)            Temple (1/1) D:4            Lair (5/5) D:9
  Swamp (4/4) Lair:3        Snake (4/4) Lair:3        Slime (0/5) Lair:5
    Orc (2/2) D:12            Elf (0/3) Orc:2        Vaults (0/5) D:14
 Depths (3/4) D:15          IceCv (visited)         Gauntlet (visited)

Altars:
Ashenzari
Cheibriados
Dithmenos
Elyvilon
Fedhas
Gozag
Hepliaklqana
Kikubaaqudgha
Makhleb
Nemelex Xobeh
Okawaru
Qazlal
Ru
Sif Muna
Trog
Uskayaw
Vehumet
Wu Jian
Xom
Yredelemnul
Zin
The Shining One
Jiyva

Shops:
D:5 ::   D:12 !   Orc:2 !=([[(

Annotations:
Lair:1 2 transporters, KineticRobot's ghost, journeyman BaFi
Lair:2 2 transporters, Mocseve's ghost, journeyman MiGl
Lair:5 2 runed translucent doors, exclusion: oklob plant, Ducan's ghost, journeyman DsBe


Innate Abilities, Weirdness & Mutations

You have a pair of horns on your head.
You reflexively headbutt those who attack you in melee.
You have large cloven feet.
You are robust. (+10% HP)


Message History

The bolt of lightning hits you!!
* * * LOW HITPOINT WARNING * * *
You hear an angry buzzing noise.
You feel much better.
The walking divine tome is distracted by your dazzling golden aura.
You are too injured to fight recklessly!
You are too injured to fight recklessly!
You carve the storm dragon like a ham!!!
The storm dragon is heavily wounded.
You hear a loud rustle.
You hear an angry buzzing noise.
You block the storm dragon's attack. The storm dragon completely misses you.
The storm dragon tramples you but does no damage.
A spark wasp comes into view.
You are too injured to fight recklessly!
You slash the storm dragon!
You headbutt the storm dragon, but do no damage.
The storm dragon is severely wounded.
The storm dragon breathes lightning at you.
The bolt of lightning misses you. The storm dragon bites you!
You block the storm dragon's attack. x2
You hit the storm dragon but do no damage.
The storm dragon is severely wounded.
You block the storm dragon's attack. x2; The storm dragon tramples you.
You stumble backwards!
You barely miss the storm dragon. Your headbutt misses the storm dragon.
The storm dragon is severely wounded.
You block the storm dragon's attack. x2; The storm dragon barely misses you.
You slice the storm dragon!! Your headbutt misses the storm dragon.
The storm dragon is almost dead.
The storm dragon completely misses you. You block the storm dragon's attack. x3
The storm dragon claws you but does no damage.
The storm dragon tramples you but does no damage.
You cut the storm dragon into ribbons!!!
You kill the storm dragon!
The walking divine tome erupts in a flurry of living spells!
You are too injured to fight recklessly!
You rampage towards the walking divine tome!
A stone giant comes into view.
You slice the walking divine tome like a ripe choko!!!
You headbutt the walking divine tome, but do no damage.
The walking divine tome is heavily damaged.
The walking divine tome erupts in a flurry of living spells!
The vampire knight hits you from afar with a +0 glaive!
* * * LOW HITPOINT WARNING * * *
The living spell casts itself at you. Something smites you!
* * * LOW HITPOINT WARNING * * *
You are too injured to fight recklessly!
You slice the walking divine tome!!
The walking divine tome is severely damaged.
You slice the living spell!!
You destroy the living spell!
The walking divine tome is distracted by your dazzling golden aura.
You block the vampire knight's attack. The living spell casts itself at you.
Something smites you!
* * * LOW HITPOINT WARNING * * *
The walking divine tome's pages rustle loudly.
You are too injured to fight recklessly!
You barely miss the walking divine tome.
The walking divine tome is no longer distracted by gold.
The walking divine tome is severely damaged.
The walking divine tome erupts in a flurry of living spells!
The vampire knight hits you but does no damage.
You slash the walking divine tome! You headbutt the walking divine tome!
You destroy the walking divine tome!
The vampire knight casts a spell.
The vampire knight seems to speed up.
You carve the spark wasp like a ham!!! Your headbutt misses the spark wasp.
The spark wasp is almost dead.
You block the spark wasp's attack. The vampire knight closely misses you.
The stone giant is distracted by your dazzling golden aura.
The spark wasp is distracted by your dazzling golden aura.
You block the vampire knight's attack.
The spark wasp buzzes angrily.
The stone giant shouts!
You slice the spark wasp!!
You kill the spark wasp!
The vampire knight closely misses you.
The vampire knight hits you but does no damage.
You rampage towards the vampire knight!
You carve the vampire knight like a ham!!!
You headbutt the vampire knight, but do no damage.
The vampire knight is heavily damaged.
The vampire knight draws life force from you!!
* * * LOW HITPOINT WARNING * * *
The vampire knight is healed by the life force!
The vampire knight hits you with a +0 glaive!
* * * LOW HITPOINT WARNING * * *
You block the vampire knight's attack.
You are too injured to fight recklessly!
You hit the vampire knight but do no damage.
The vampire knight is moderately damaged.
You block the vampire knight's attack.
The vampire knight bites you but does no damage.
You slice the vampire knight!!
The vampire knight is severely damaged.
You block the vampire knight's attack. x2
The vampire knight draws life force from you!
You die...
Your body crumbles into a pile of gold.

#........................#
##.......................#
.##........############..#
#.#........#§≈≈§≈≈#####..#
#.#........#≈≈≈≈≈≈#####..#
...........#≈≈§≈§≈#####..#
#.#........#≈≈§§§≈#####..#
#.##........###########..#
##.##.###.....$V@........#
.##.....##..#.############
.##.##.$.# ..##.#C###
...#.#. ....... ...#.#.
..##.#. .##.##.


You could see a vampire knight (fast).

Vanquished Creatures
  Vashnia (Snake:3)
  A caustic shrike (Depths:3)
  Mlioglotl (Swamp:3)
  A lich (Depths:3)
  A tentacled monstrosity (Swamp:1)
  A walking divine tome (Depths:3)
  Aizul (Snake:1)
  A storm dragon (Depths:3)
  Roxanne (D:14)
  The ghost of Ylof the Severer, a journeyman NaBe of Trog (D:13)
  Agnes (Snake:3)
  Donald (Swamp:4)
  2 nagarajas
  2 fenstrider witches (Swamp:3)
  A fire giant (Depths:2)
  A draconian knight (IceCv)
  An orc warlord (Orc:2)
  A very ugly thing (Depths:1)
  A dire elephant (Gauntlet)
  5 bunyips
  5 white draconians (IceCv)
  2 spark wasps (Depths:3)
  A minotaur (Gauntlet)
  Snorg (D:10)
  An ettin (Depths:2)
  A merfolk javelineer (Depths:2)
  2 green deaths (Swamp:4)
  2 great orbs of eyes (Swamp:4)
  3 jiangshi (Depths:1)
  2 rakshasas (D:15)
  A hell beast (Swamp:4)
  Harold (D:11)
  An ice dragon (Depths:3)
  Erolcha (D:13)
  2 ghost crabs
  6 catoblepae
  9 hydras
  An ogre mage (D:14)
  5 salamander tyrants
  6 anacondas
  2 boulder beetles
  9 centaur warriors
  2 spriggan air magi
  7 alligators
  3 tengu warriors
  6 two-headed ogres
  8 death yaks
  A vampire mage (Depths:1)
  4 deep troll earth magi (Depths:2)
  18 naga warriors
  The ghost of funaii the Vexing, a novice GnHs (D:7)
  5 orc high priests (Orc:2)
  16 naga sharpshooters
  4 shock serpents
  2 thrashing horrors
  A spriggan berserker (Depths:1)
  A skyshark (Lair:2)
  2 skeletal warriors (D:15)
  3 salamander mystics
  A glowing orange brain (Depths:1)
  4 deep trolls (Depths:2)
  2 spriggan druids
  2 sea snakes (Snake:1)
  An orange crystal statue (IceCv)
  8 swamp dragons
  5 goliath frogs
  An iron troll (Depths:2)
  3 naga ritualists
  3 arcanists
  6 bog bodies
  A deep elf pyromancer (D:13)
  6 orc knights
  A deep elf zephyrmancer (D:15)
  A necromancer (D:15)
  Pikel (D:8)
  2 wolf spiders (Lair:5)
  2 mana vipers (Snake:1)
  2 will-o-the-wisps (Swamp:3)
  6 ugly things
  5 orc sorcerers
  18 salamanders
  2 manticores
  An oklob plant (Lair:2)
  4 cyclopes
  17 elephants
  2 kobold blastminers (Orc:2)
  2 centaur zombies (D:15)
  10 guardian serpents
  Joseph (D:8)
  24 black mambas
  7 naga magi
  2 orange demons (Swamp:4)
  15 cane toads
  3 gargoyles
  Maggie (D:8)
  A rime drake (Lair:4)
  An unseen horror (D:12)
  3 large abominations (Swamp:4)
  A centaur skeleton (D:15)
  2 kobold demonologists
  4 storm dragon simulacra (IceCv)
  A freezing wraith (D:14)
  2 efreet (D:13)
  9 komodo dragons
  3 tengu conjurers
  3 anaconda simulacra (Snake:4)
  5 golden dragon simulacra (IceCv)
  2 spectral nagas (Snake:4)
  5 tyrant leeches
  2 bloated husks (Swamp:2)
  3 red devils (Orc:1)
  7 trolls
  A queen bee (shapeshifter) (D:14)
  15 blink frogs
  4 hornets
  3 polar bears
  A wolf spider simulacrum (D:15)
  An alligator simulacrum (Snake:4)
  2 spectral guardian serpents (Snake:4)
  9 dream sheep
  Sigmund (D:6)
  9 slime creatures
  2 guardian serpent skeletons (Snake:4)
  2 vampires
  2 centaur simulacra (D:15)
  7 shadows
  5 spriggans
  3 wraiths
  29 yaks
  14 wyverns
  4 basilisks
  3 redbacks (Lair:5)
  An unseen horror simulacrum (D:9)
  8 wargs
  2 sea snake simulacra (Snake:4)
  A minotaur simulacrum (Snake:4)
  2 vampire mosquitoes (Swamp:3)
  17 swamp worms
  Menkaure (D:4)
  29 nagas
  A harpy simulacrum (Snake:4)
  2 small abominations (Gauntlet)
  23 water moccasins
  An acid dragon (D:12)
  A black bear (Lair:3)
  2 guardian serpent simulacra (Snake:4)
  A swamp drake (Swamp:4)
  41 orc warriors
  3 ice beasts
  2 sky beasts (D:6)
  7 ice dragon simulacra (IceCv)
  22 ogres
  5 wolves (Lair:5)
  8 centaurs
  2 lemures (D:8)
  A spectral basilisk (Lair:3)
  2 deep troll simulacra (Snake:4)
  A scorpion (D:6)
  4 gnoll sergeants
  13 bullfrogs
  3 naga simulacra (Snake:4)
  9 killer bees (D:9)
  8 lindwurm simulacra
  3 howler monkeys
  6 electric eels (Snake:1)
  2 bombardier beetles
  5 crimson imps (D:10)
  4 jellies
  2 gnoll boudas
  31 orc priests
  2 hounds
  4 iguanas
  20 orc wizards
  3 sleepcaps
  6 hell rats (Lair:5)
  A boggart skeleton (D:15)
  8 adders
  23 gnolls
  6 white imps
  A dart slug (D:3)
  2 ribbon worms
  106 orcs
  2 ball pythons (D:2)
  5 endoplasms
  2 giant cockroaches
  10 hobgoblins
  A jackal (D:3)
  8 kobolds
  4 quokkas
  5 bats
  2 frilled lizards (D:4)
  3 goblins
  4 rats
  A spectral goblin (D:3)
1022 creatures vanquished.

Vanquished Creatures (others)
  A skeletal warrior (D:15)
  A naga mage (Snake:1)
  A swamp worm (Swamp:2)
  6 foxfires (Swamp:3)
9 creatures vanquished.

Grand Total: 1031 creatures vanquished

Notes
Turn   | Place    | Note
-------+----------+-------------------------------------------
     0 | D:1      | Flugslaktarn the Minotaur Fighter began the quest for the
                  | Orb.
     0 | D:1      | Reached XP level 1. HP: 19/19 MP: 0/0
   101 | D:1      | Reached XP level 2. HP: 24/27 MP: 1/1
   182 | D:1      | Reached skill level 4 in Fighting
   499 | D:2      | Reached XP level 3. HP: 23/33 MP: 2/2
  1069 | D:2      | Identified the +1 plate armour "Jexucsit" {Str+3}
  1457 | D:3      | Reached XP level 4. HP: 41/41 MP: 3/3
  1631 | D:3      | Reached skill level 5 in Fighting
  1705 | D:3      | Found a faded altar of an unknown god.
  2014 | D:4      | Found a bloodstained altar of Trog.
  2083 | D:4      | Reached XP level 5. HP: 16/48 MP: 4/4
  2430 | D:4      | Gained mutation: You have large cloven feet. [potion of
                  | mutation]
  2430 | D:4      | Gained mutation: You are robust. (+10% HP) [potion of
                  | mutation]
  2636 | D:4      | Found a staircase to the Ecumenical Temple.
  2644 | D:4      | Reached skill level 5 in Axes
  2669 | Temple   | Entered the Ecumenical Temple
  2708 | Temple   | Became a worshipper of Gozag Ym Sagoz the Greedy
  2843 | D:4      | Reached XP level 6. HP: 50/62 MP: 5/5
  2909 | D:4      | Noticed Menkaure
  2912 | D:4      | Killed Menkaure
  2913 | D:4      | Reached skill level 6 in Fighting
  2913 | D:4      | Reached skill level 5 in Armour
  2974 | D:4      | Found a glowing silver altar of Zin.
  3194 | D:5      | Entered Level 5 of the Dungeon
  3252 | D:5      | Found a burning altar of Makhleb.
  3321 | D:5      | Found Quluyq's Self-Improvement Boutique.
  3342 | D:5      | Reached XP level 7. HP: 29/70 MP: 6/6
  3528 | D:5      | Found a hide-covered altar of Uskayaw.
  3565 | D:5      | Found an ancient bone altar of Kikubaaqudgha.
  3588 | D:5      | Reached skill level 7 in Fighting
  3597 | D:5      | Found Damuguz's Tiny Tomes.
  4094 | D:6      | Noticed Sigmund
  4339 | D:6      | Reached skill level 8 in Fighting
  4339 | D:6      | Reached XP level 8. HP: 68/81 MP: 7/7
  4722 | D:6      | Killed Sigmund
  4900 | D:7      | Noticed a kobold demonologist
  4906 | D:7      | Noticed an ice devil
  4908 | D:7      | Killed a kobold demonologist
  4909 | D:7      | Reached skill level 9 in Fighting
  4960 | D:7      | Noticed a two-headed ogre
  4965 | D:7      | Killed a two-headed ogre
  4966 | D:7      | Reached skill level 10 in Fighting
  4966 | D:7      | Reached XP level 9. HP: 71/93 MP: 8/8
  5051 | D:7      | Noticed a gargoyle
  5052 | D:7      | Found a runed translucent gate.
  5052 | D:7      | Found a runed translucent gate.
  5052 | D:7      | Found a runed translucent gate.
  5052 | D:7      | Noticed funaii's ghost (novice GnHs)
  5087 | D:7      | Identified the +1 robe "Vinyakett" {Int+3 Dex-3}
  5337 | D:7      | Reached skill level 10 in Axes
  5647 | D:7      | Killed funaii's ghost
  5648 | D:7      | Reached skill level 11 in Fighting
  5962 | D:7      | Killed a gargoyle
  6090 | D:7      | Reached XP level 10. HP: 101/105 MP: 9/9
  6303 | D:8      | Found a glowing golden altar of the Shining One.
  6303 | D:8      | Found an iron altar of Okawaru.
  6303 | D:8      | Found a shimmering blue altar of Sif Muna.
  6305 | D:8      | Found a stormy altar of Qazlal.
  6314 | D:8      | Noticed Pikel
  6321 | D:8      | Found a white marble altar of Elyvilon.
  6325 | D:8      | Killed Pikel
  6367 | D:8      | Noticed Joseph
  6381 | D:8      | Killed Joseph
  6382 | D:8      | Reached skill level 12 in Fighting
  6561 | D:8      | Noticed Maggie
  6569 | D:8      | Killed Maggie
  6735 | D:8      | Noticed a two-headed ogre
  6738 | D:8      | Killed a two-headed ogre
  6788 | D:9      | Noticed a two-headed ogre
  6798 | D:9      | Killed a two-headed ogre
  6888 | D:9      | Found a staircase to the Lair.
  6924 | D:9      | Reached skill level 13 in Fighting
  7111 | D:9      | Reached skill level 1 in Evocations
  7205 | D:9      | Reached XP level 11. HP: 78/117 MP: 10/10
  7326 | D:9      | Identified the +6 double sword of Yeast {drain, rC+ MP-9
                  | Stlth+}
  7732 | D:9      | Reached skill level 10 in Armour
  8024 | D:10     | Entered Level 10 of the Dungeon
  8100 | D:10     | Found a snail-covered altar of Cheibriados.
  8446 | D:10     | Noticed Snorg
  8454 | D:10     | Killed Snorg
  9330 | D:11     | Noticed Harold
  9341 | D:11     | Killed Harold
  9483 | D:11     | Reached skill level 14 in Fighting
 10535 | D:12     | Found a staircase to the Orcish Mines.
 11009 | D:12     | Found Vasmedgha's Distillery.
 11017 | D:12     | Bought a potion of heal wounds for 70 gold pieces
 11017 | D:12     | Bought a potion of invisibility for 112 gold pieces
 11017 | D:12     | Bought a potion of cancellation for 112 gold pieces
 11017 | D:12     | Bought a potion of mutation for 112 gold pieces
 11017 | D:12     | Bought a potion of attraction for 42 gold pieces
 11017 | D:12     | Bought a potion of brilliance for 56 gold pieces
 11017 | D:12     | Bought a potion of enlightenment for 70 gold pieces
 11070 | D:12     | Identified the +0 chain mail "Fajor" {rElec MP+9 Dex-2}
 11196 | Lair:1   | Entered Level 1 of the Lair of Beasts
 11196 | Lair:1   | Noticed a death yak
 11196 | Lair:1   | Noticed a death yak
 11201 | Lair:1   | Noticed a death yak
 11203 | Lair:1   | Killed a death yak
 11204 | Lair:1   | Reached skill level 5 in Evocations
 11204 | Lair:1   | Reached XP level 12. HP: 105/129 MP: 11/11
 11205 | Lair:1   | Noticed a death yak
 11207 | Lair:1   | Killed a death yak
 11207 | Lair:1   | Noticed a death yak
 11210 | Lair:1   | Killed a death yak
 11223 | Lair:1   | Killed a death yak
 11226 | Lair:1   | Killed a death yak
 11507 | Lair:1   | Noticed a catoblepas
 11519 | Lair:1   | Killed a catoblepas
 11520 | Lair:1   | Reached skill level 15 in Fighting
 11526 | Lair:1   | Found a transporter.
 11532 | Lair:1   | Found a gate leading to a gauntlet.
 11541 | Gauntlet | Entered a Gauntlet
 11541 | Gauntlet | Found a transporter.
 11541 | Gauntlet | Found a transporter.
 11546 | Gauntlet | Found a runed translucent door.
 11547 | Gauntlet | Found a transporter.
 11548 | Gauntlet | Found a runed translucent door.
 11559 | Gauntlet | Found a transporter.
 11577 | Gauntlet | Found a transporter.
 11577 | Gauntlet | Found a transporter.
 11577 | Gauntlet | Found a transporter.
 11579 | Gauntlet | Found a transporter.
 11579 | Gauntlet | Found a transporter.
 11585 | Gauntlet | Noticed a dire elephant
 11594 | Gauntlet | Found a transporter.
 11607 | Gauntlet | Noticed a dire elephant
 11609 | Gauntlet | Found a transporter.
 11619 | Gauntlet | Found a transporter.
 11633 | Gauntlet | Found a transporter.
 11667 | Gauntlet | Found a transporter.
 11841 | Gauntlet | Killed a dire elephant
 11842 | Gauntlet | Reached skill level 15 in Axes
 12039 | Gauntlet | Identified the +0 cloak of Minor Irritation {rF- rC++
                  | rCorr}
 12100 | Gauntlet | Identified the +6 whip "Worm" {elec, rC- Int+4}
 12100 | Gauntlet | Noticed a minotaur
 12107 | Gauntlet | Killed a minotaur
 12112 | Gauntlet | Identified the staff "Geseoduf" {rC+ rN+ Str+3 Int+3 Earth}
 12112 | Gauntlet | Identified the amulet of the Purple Skies {Acrobat -Cast
                  | rElec Int-4 Stlth+}
 12828 | Lair:1   | Found a transporter.
 12837 | Lair:1   | Noticed KineticRobot's ghost (journeyman BaFi)
 13259 | Lair:2   | Found a transporter.
 13271 | Lair:2   | Noticed a rakshasa
 13271 | Lair:2   | Noticed Mocseve's ghost (journeyman MiGl)
 13395 | Lair:2   | Noticed a catoblepas
 13406 | Lair:2   | Killed a catoblepas
 13421 | Lair:2   | Noticed a catoblepas
 13456 | Lair:2   | Killed a catoblepas
 13457 | Lair:2   | Reached XP level 13. HP: 23/140 MP: 12/12
 13753 | Lair:2   | Reached skill level 16 in Fighting
 14230 | Lair:2   | Found a transporter.
 14258 | Lair:2   | Found the +6 arbalest "Damnation" {damnation}
 14265 | Lair:2   | Identified the +0 pair of boots of Agod {rF+ Str+2}
 15044 | Lair:3   | Found a staircase to the Swamp.
 15452 | Lair:3   | Reached skill level 17 in Fighting
 15814 | Lair:3   | Found a staircase to the Snake Pit.
 16495 | Lair:4   | Reached skill level 5 in Shields
 17059 | Lair:5   | Entered Level 5 of the Lair of Beasts
 17067 | Lair:5   | Reached XP level 14. HP: 149/154 MP: 13/13
 17217 | Lair:5   | Identified the +0 war axe of Valour {vamp, rN+ Will+ Str-5}
 17476 | Lair:5   | Reached skill level 10 in Shields
 17504 | Lair:5   | Reached skill level 1 in Dodging
 17636 | Lair:5   | Found a large runed translucent door.
 17637 | Lair:5   | Found a large runed translucent door.
 17749 | Lair:5   | Noticed Ducan's ghost (journeyman DsBe)
 17903 | Lair:5   | Found a staircase to the Slime Pits.
 18876 | Lair:5   | Identified the +6 quarterstaff "Grim" {drain, Int+3}
 19261 | Lair:5   | Found a viscous altar of Jiyva.
 19765 | Orc:1    | Entered Level 1 of the Orcish Mines
 20105 | Orc:1    | Reached skill level 18 in Fighting
 20466 | Orc:2    | Entered Level 2 of the Orcish Mines
 21083 | Orc:2    | Reached skill level 5 in Dodging
 21342 | Orc:2    | Found Nuvod's Weapon Boutique.
 21394 | Orc:2    | Found Fuqont's Antique Armour Shop.
 21560 | Orc:2    | Reached XP level 15. HP: 161/163 MP: 14/14
 21783 | Orc:2    | Found a staircase to the Elven Halls.
 22030 | Orc:2    | Found Rioram's Jewellery Emporium.
 22664 | Orc:2    | Found Liuwkael's Distillery.
 23022 | Orc:2    | Bought a +2 heavy broad axe for 307 gold pieces
 23024 | Orc:2    | Bought a jewelled plate armour for 1092 gold pieces
 23024 | Orc:2    | Identified the +7 plate armour "Qoakla Xiko" {rC+ Regen+
                  | Int+2} (You bought it in a shop on level 2 of the Orcish
                  | Mines)
 23143 | Orc:2    | Bought a glowing cloak for 292 gold pieces
 23423 | Snake:1  | Entered Level 1 of the Snake Pit
 23573 | Snake:1  | Identified the serpent talisman of Defence {Str+2}
 23573 | Snake:1  | Noticed Aizul
 23582 | Snake:1  | Killed Aizul
 23591 | Snake:1  | Reached skill level 15 in Armour
 23600 | Snake:1  | Reached skill level 19 in Fighting
 24190 | Snake:2  | Identified the amulet of the Barracuda {Faith Rampage Will+
                  | Dex+4 SInv}
 24323 | Snake:3  | Noticed Vashnia
 24347 | Snake:3  | Killed Vashnia
 24401 | Snake:3  | Noticed Agnes
 24406 | Snake:3  | Killed Agnes
 24667 | Snake:3  | Reached XP level 16. HP: 123/177 MP: 15/15
 24873 | Snake:4  | Entered Level 4 of the Snake Pit
 24975 | Snake:4  | Found a frozen archway.
 24997 | IceCv    | Entered an ice cave
 25185 | IceCv    | Identified the staff "Qiemuly" {rElec Str-5 Dex+3 Conj Air}
 25394 | IceCv    | Identified the ring "Veataq" {*Slow rPois rC++ Int+8}
 25518 | Snake:4  | Reached skill level 20 in Fighting
 26378 | Snake:4  | Reached skill level 15 in Shields
 26533 | Snake:4  | Got a serpentine rune of Zot
 26754 | Swamp:1  | Entered Level 1 of the Swamp
 26830 | Swamp:1  | Noticed a tentacled monstrosity
 26837 | Swamp:1  | Killed a tentacled monstrosity
 26840 | Swamp:1  | Reached XP level 17. HP: 186/188 MP: 16/16
 27298 | Swamp:4  | Entered Level 4 of the Swamp
 27320 | Swamp:4  | Noticed Donald
 27331 | Swamp:4  | Killed Donald
 27415 | Swamp:3  | Noticed Mlioglotl
 27425 | Swamp:3  | Killed Mlioglotl
 27426 | Swamp:3  | Reached skill level 21 in Fighting
 28010 | Swamp:4  | Got a decaying rune of Zot
 28361 | D:13     | Noticed Erolcha
 28466 | D:13     | Found a runed translucent gate.
 28467 | D:13     | Found a runed translucent gate.
 28468 | D:13     | Found a runed translucent gate.
 28473 | D:13     | Noticed Ylof's ghost (journeyman NaBe)
 28483 | D:13     | Identified the +4 dire flail "Jeschueng" {elec, rPois
                  | Dex+4}
 28749 | D:13     | Killed Erolcha
 28898 | D:13     | Found an iron altar of Okawaru.
 28916 | D:13     | Killed Ylof's ghost
 29215 | D:14     | Noticed Roxanne
 29233 | D:14     | Killed Roxanne
 29234 | D:14     | Reached XP level 18. HP: 200/200 MP: 17/17
 29352 | D:14     | Found a gate to the Vaults.
 29570 | D:15     | Entered Level 15 of the Dungeon
 29840 | D:15     | Found a staircase to the Depths.
 29845 | Depths:1 | Entered Level 1 of the Depths
 30087 | Depths:3 | Noticed a lich
 30095 | Depths:3 | Killed a lich
 30164 | Depths:3 | Noticed a caustic shrike
 30167 | Depths:3 | Reached skill level 22 in Fighting
 30171 | Depths:3 | Killed a caustic shrike
 30196 | Depths:3 | Killed from afar by a vampire knight

Illustrated notes

Levels and vault maps discovered:
D:1:      scummos_arrival_simple_crosswalls, layout_rooms
D:2:      minmay_evil_eye, layout_basic
D:3:      layout_loops_ring, dreamdust_ecumenical_altar_drowned_temple,
          minmay_misc_feat_secret_circle, minmay_diced_spiral
D:4:      layout_loops_cross, trog_butcher_becter,
          mainiacjoe_overflow_surrounded_room, minmay_temple_entry_large_hall,
          uniq_menkaure
D:5:      layout_cave_pools, bloody_makhleb,
          mainiacjoe_overflow_concentric_impassable,
          mainiacjoe_overflow_boulevard, nicolae_shop_i_like_small_books_too,
          nicolae_shop_self_help
D:6:      layout_gridville, nicolae_water_bricks, uniq_sigmund
D:7:      layout_basic, gammafunk_ghost_split, chequers_serial_rivers_micro_e,
          minivault_1, minivault_4
D:8:      layout_rooms, grunt_temple_overflow_open, uniq_pikel, uniq_joseph,
          uniq_maggie
D:9:      minmay_the_grid_four_pointed_star
          [minmay_the_grid_triangle_9x9_descending_squares,
          minmay_the_grid_triangle_9x9_sprig,
          minmay_the_grid_triangle_9x9_minimal,
          minmay_the_grid_triangle_9x9_windchime,
          minmay_the_grid_prize_diamond_cup], layout_long_grid,
          kennysheep_generic_room_15
D:10:     layout_irregular_city, cheibrodos_worm_habitat, minmay_nine_imps,
          uniq_snorg
D:11:     layout_basic, uniq_harold
D:12:     layout_irregular_city, david_orc_4, serial_shops, shop
D:13:     layout_irregular_city, gammafunk_ghost_fury_of_okawaru, uniq_erolcha
D:14:     layout_roguey, david_vaults_2, wad_floor_pattern_2, uniq_roxanne
D:15:     grunt_enter_depths_magical_seal, layout_irregular_city,
          minmay_misc_feat_nine_boxes, feat_on_display
Temple:   grunt_temple_mini_profane
Lair:1:   layout_chaotic_city, gammafunk_ghost_berserking_beasts,
          gauntlet_entry_generic, st_stairs_11, lemuel_fruit_tree
Lair:2:   layout_long_grid, gammafunk_ghost_abyssal_escape,
          minmay_lair_oklob_items, chequers_serial_rivers_small_b,
          chequers_serial_rivers_small_3, serial_bayou_pond_e,
          grunt_megastairs_5
Lair:3:   layout_cave_pods, nicolae_swamp_entry_spooky,
          nicolae_snake_entry_squirm, patterned_corridor
Lair:4:   layout_gridlike
Lair:5:   hangedman_lair_tendril_chambers, layout_regular_city, wormcave,
          nicolae_slime_entry_field_trip, nicolae_volcano_entry_hallway,
          ebering_ghost_disaster_area
Swamp:1:  layout_falls_marsh, serial_swamp_ruin, evilmike_swamp_ruin_house_1,
          evilmike_swamp_ruin_house_3, lightli_tree_ring,
          infiniplex_staircase_pool
Swamp:2:  layout_basic_swamp, nicolae_swamp_little_tower, swamp_pool_1_2,
          nicolae_swamp_godswood, worms_lemuel
Swamp:3:  layout_basic_swamp, nicolae_swamp_tree_isthmus, uniq_mlioglotl
Swamp:4:  swamp_vile, layout_basic_swamp, infiniplex_staircase_pool_2,
          uniq_donald
Snake:1:  layout_basic, serial_bayou_shore_b, uniq_aizul
Snake:2:  layout_basic, ebering_ghost_disaster_area, grunt_megastairs_3
Snake:3:  cheibrodos_snake_lava_hold, layout_layer_cave, special_room,
          uniq_vashnia, uniq_agnes
Snake:4:  grunt_snake_rune_pools, layout_onion,
          portal_ice_cave_entry_ice_simulacra,
          nicolae_snake_the_dead_are_slithering
Orc:1:    layout_caves, basic_altar, einodemon_armed_red_devil_minivault
Orc:2:    pubby_orc_utopia
Depths:1: grunt_bent_corner, layout_basic, nrook_campfire,
          nicolae_hell_entry_hellmouth_sunbeams, enter_trove_0,
          abyss_entry_small_statue_room, okawaru_trees_2
Depths:2: grunt_forest_end_shrine, layout_gridlike, enter_ziggurat_d,
          grunt_pan_entry_zigzag, hell_entry, fedhas_altar_fruit_tree,
          zin_statuary
Depths:3: minmay_strange_plus, layout_gridlike, minmay_strange_pillars,
          minmay_room_of_horrors, rand_demon_pan_entry_5, hell_entry,
          grunt_absolute_annihilation, infiniplex_staircase_pillars_2

Skill      XL: |  1  2  3  4  5  6  7  8  9 10 11 12 13 14 15 16 17 18 |
---------------+-------------------------------------------------------+-----
Fighting       | 4 5 6 8 10 11 13 14 15 17 18 19 20 21 22 | 22.0
Axes           | 3 4 5 6 7 9 11 12 14 15 17 18 | 18.0
Armour         | 4 5 6 7 8 9 10 11 12 14 15 17 18 19 | 19.0
Evocations     | 1 5 7 |  7.0
Shields        | 7 10 11 15 18 19 | 19.4
Dodging        | 5 7 |  7.9

Action                     |  1- 3 |  4- 6 |  7- 9 | 10-12 | 13-15 | 16-18 || total
---------------------------+-------+-------+-------+-------+-------+-------++-------
  Melee: War axe           |    57 |       |       |   471 |   948 |       ||  1476
         Headbutt          |     8 |    18 |    19 |   114 |   241 |   160 ||   560
         Battleaxe         |    12 |   114 |    94 |       |       |       ||   220
         Kick              |       |     9 |    10 |   163 |    33 |       ||   215
         Broad axe         |       |       |       |       |   175 |   759 ||   934
 Invoke: Potion Petition   |       |       |     1 |       |       |     4 ||     5
         Call Merchant     |       |       |       |       |     2 |       ||     2
  Evoke: Wand              |       |       |     3 |       |     8 |       ||    11
         Phantom mirror    |       |       |       |       |     1 |       ||     1
    Use: Potion            |       |     9 |     4 |     2 |       |     2 ||    17
         Scroll            |       |     3 |    11 |     3 |    10 |     3 ||    30
   Stab: Distracted        |       |       |       |     2 |     8 |     7 ||    17
         Petrified         |       |       |       |       |    16 |       ||    16
         Petrifying        |       |       |       |       |     1 |       ||     1
         Invisible         |       |       |       |       |       |     3 ||     3
 Armour: Scale mail        |    41 |       |       |       |       |       ||    41
         Plate armour      |    15 |   122 |   113 |   358 |   805 |   567 ||  1980
         Chain mail        |     4 |       |       |       |       |       ||     4
  Dodge: Dodged            |    35 |    38 |    62 |   172 |   412 |   239 ||   958
  Block: Buckler           |    15 |       |       |       |       |       ||    15
         Kite shield       |       |       |       |   226 |   536 |       ||   762
         Tower shield      |       |       |       |       |    86 |   957 ||  1043

Table legend: (Time is in decaauts)
 A = Elapsed time spent in this place.
 B = Non-inter-level travel time spent in this place.
 C = Inter-level travel time spent in this place.
 D = Time resting spent in this place.
 E = Time spent auto-exploring this place.
 F = Levels seen in this place.
 G = Mean time per level.
                   A        B        C        D        E       F      G
               +--------+--------+--------+--------+--------+-----+--------+
         Total |  30350 |  28516 |   1834 |   4572 |  18289 |  36 |  843.1 |
       Dungeon |  13373 |  12543 |    830 |   1678 |   8953 |  15 |  891.5 |
        Temple |     66 |     11 |     55 |      0 |      0 |   1 |   66.0 |
          Lair |   7725 |   7235 |    490 |   1386 |   4705 |   5 | 1545.0 |
         Swamp |   1552 |   1397 |    155 |     77 |    714 |   4 |  388.0 |
     Snake Pit |   2881 |   2683 |    198 |    463 |   1373 |   4 |  720.2 |
  Orcish Mines |   3349 |   3279 |     70 |    733 |   1882 |   2 | 1674.5 |
        Depths |    359 |    324 |     35 |      0 |    174 |   3 |  119.7 |
      Ice Cave |    474 |    474 |      0 |      0 |    299 |   1 |  474.0 |
      Gauntlet |    566 |    566 |      0 |    235 |    187 |   1 |  566.0 |
               +--------+--------+--------+--------+--------+-----+--------+

Top non-repeatable levels by time:
   Orc:2: 2660 daAuts
  Lair:5: 2452 daAuts
     D:9: 1619 daAuts
  Lair:3: 1587 daAuts
  Lair:2: 1467 daAuts
     D:7: 1309 daAuts
 Snake:4: 1267 daAuts
    D:12: 1256 daAuts
     D:4: 1245 daAuts
  Lair:1: 1237 daAuts
    D:11: 1122 daAuts
    D:10: 1014 daAuts
     D:6: 1012 daAuts
     D:2: 985 daAuts
  Lair:4: 979 daAuts
